 Dungeon Crawl Stone Soup version 0.24-a0-458-gfcb5e6da0e (webtiles) character file.

Game seed: 2686909067612483813

86 Mrkan the Shield-Bearer (level 4, 0/42 HPs)
             Began as a Deep Dwarf Fighter on June 26, 2019.
             Killed from afar by Sigmund (9 damage)
             ... with a puff of flame
             ... on level 2 of the Dungeon.
             The game lasted 00:02:57 (1228 turns).

Mrkan the Shield-Bearer (Deep Dwarf Fighter)        Turns: 1228, Time: 00:02:57

Health: 0/42       AC:  8    Str: 19    XL:     4   Next: 26%
Magic:  4/4        EV:  7    Int: 10    God:
Gold:   83         SH:  9    Dex: 12    Spells: 3/3 levels left

rFire    . . .     SeeInvis .   a - +0 war axe
rCold    . . .     Gourm    .   c - +0 shield
rNeg     . . .     Faith    .   b - +0 scale mail
rPois    .         Spirit   .   (no helmet)
rElec    .         Reflect  .   (no cloak)
rCorr    .         Harm     .   (no gloves)
MR       .....                  u - +0 pair of boots
Stlth    ..........             (no amulet)
HPRegen  0.00/turn              (no ring)
MPRegen  0.09/turn              (no ring)

@: non-regenerating
A: damage resistance, heal wounds, sense surroundings 1, no regeneration
a: Heal Wounds


You were on level 2 of the Dungeon.
You were hungry.

You visited 1 branch of the dungeon, and saw 2 of its levels.

You collected 83 gold pieces.

Inventory:

Hand Weapons
 a - a +0 war axe (weapon)
Missiles
 j - 35 stones (quivered)
Armour
 b - a +0 scale mail (worn)
 c - a +0 shield (worn)
 u - a +0 pair of boots (worn)
Jewellery
 e - an uncursed amulet of regeneration {unknown}
 o - an uncursed ring of poison resistance {unknown}
 q - an uncursed ring of fire {unknown}
Scrolls
 g - 2 scrolls of magic mapping {unknown}
 h - a scroll of noise {unknown}
 k - 5 scrolls of teleportation {unknown}
 l - 3 scrolls of identify {unknown}
 p - a scroll of fear {unknown}
 r - a scroll of remove curse {unknown}
Potions
 d - 2 potions of might
 i - 2 potions of degeneration {unknown}
 m - a potion of resistance {unknown}
 n - a potion of flight {unknown}
 s - 2 potions of ambrosia {unknown}
Comestibles
 f - 4 rations
 t - 3 chunks of flesh


   Skills:
 + Level 3.2 Fighting
 * Level 3.9 Axes
 - Level 3.2 Armour
 + Level 4.0 Shields


You had 3 spell levels left.
You didn't know any spells.
Your spell library was empty.

Dungeon Overview and Level Annotations

Branches:
Dungeon (2/15)

Altars:

Annotations:
D:2 Sigmund


Innate Abilities, Weirdness & Mutations

You are resistant to damage.
You can heal yourself by infusing magical energy.
You passively map a small area around you.
You do not regenerate.


Message History

You miss something. You hit the gnoll. You block something's attack.
The gnoll barely misses you. The gnoll closely misses you.
A frilled lizard comes into view.
You closely miss something.
The frilled lizard hisses angrily.
You slash the gnoll!
You kill the gnoll!
Your Shields skill increases to level 4!
Something hits you but does no damage. The gnoll closely misses you.
You closely miss something. You closely miss the gnoll.
The gnoll barely misses you. You block the gnoll's attack.
You block something's attack.
You closely miss something. You hit the gnoll but do no damage.
You block the gnoll's attack. x2; Something hits you but does no damage.
The gnoll hits you but does no damage.
You miss something. You hit the gnoll. You block the gnoll's attack. x2
You hear some strange, mumbled words.
A puff of flame appears from out of thin air!
The puff of flame hits you!
You die...

.# * * ,
.####.#### # #
......##.## .# .
.######...## #.#
.##
.#####.....##...
.. ,
...)........#.#
*#.#
######........#
g.#
##...#.#####{l#
##<##...#.@g#*
######.#.###
#...# # ##### #
# # # #


You could see 2 gnolls and a frilled lizard.

Vanquished Creatures
  A gnoll (D:2)
  An adder (D:2)
  An ooze (D:1)
  A worm (D:2)
  4 dart slugs
  2 leopard geckos (D:1)
  6 goblins
  6 hobgoblins
  6 jackals
  7 bats
  6 frilled lizards
  4 kobolds (D:1)
  5 rats
50 creatures vanquished.

Notes
Turn   | Place    | Note
-------+----------+-------------------------------------------
     0 | D:1      | Mrkan the Deep Dwarf Fighter began the quest for the Orb.
     0 | D:1      | Reached XP level 1. HP: 20/20 MP: 1/1
    97 | D:1      | Reached XP level 2. HP: 25/27 MP: 2/2
   356 | D:1      | Reached XP level 3. HP: 24/34 MP: 3/3
  1042 | D:2      | Reached XP level 4. HP: 39/42 MP: 4/4
  1201 | D:2      | Noticed Sigmund
  1225 | D:2      | Reached skill level 4 in Shields
  1228 | D:2      | Killed from afar by Sigmund

Levels and vault maps discovered:
D:1:      dpeg_arrival_solitude, layout_basic
D:2:      layout_loops_cross, serial_bayou_lake_a, uniq_sigmund

Skill      XL: |  1  2  3  4 |
---------------+-------------+-----
Axes           | 3 |  3.9
Fighting       | 3 |  3.2
Shields        | 4 |  4.0
Armour         | |  3.2

Action                   |  1- 3 |  4- 6 || total
-------------------------+-------+-------++-------
Melee: War axe           |   138 |    45 ||   183
 Abil: Heal Wounds       |     1 |       ||     1
  Eat: Chunk             |     1 |       ||     1
Armor: Scale mail        |    59 |    25 ||    84
Dodge: Dodged            |    37 |    17 ||    54
Block: Shield            |    73 |    42 ||   115

Table legend:
 A = Non-vault XP
 B = Vault XP
 C = Vault XP percentage of total XP
 D = Non-vault monster count
 E = Vault monster count
 F = Vault count percentage of total count
                 A         B        C        D         E       F
            +---------+---------+-------+---------+---------+-------
      Total |     123 |       0 |   0.0 |      50 |       0 |   0.0
            +---------+---------+-------+---------+---------+-------
        D:1 |      67 |       0 |   0.0 |      33 |       0 |   0.0
        D:2 |      56 |       0 |   0.0 |      17 |       0 |   0.0
            +---------+---------+-------+---------+---------+-------
